 Dungeon Crawl Stone Soup version 0.30-a0-728-gc68057be0a (webtiles) character file.

Game seed: 13398737702492569106

221 gruber the Cutter (level 5, -1/26 HPs)
             Began as a Vine Stalker Brigand on Jan 31, 2023.
             Succumbed to an orc wizard's poison
             ... on level 4 of the Dungeon.
             The game lasted 00:01:59 (2362 turns).

gruber the Cutter (Vine Stalker Brigand)            Turns: 2362, Time: 00:01:59

Health: -1/26      AC:  3    Str: 15    XL:     5   Next: 98%
Magic:  1/6        EV: 11    Int: 11    God:
Gold:   155        SH:  0    Dex: 16    Spells: 4/4 levels left

rFire   . . .      SeeInvis .    i - +0 short sword (elec)
rCold   . . .      Faith    .    (no shield)
rNeg    . . .      Spirit   +    b - +0 robe
rPois   .          Reflect  .    (no helmet)
rElec   .          Harm     .    c - +0 cloak
rCorr   .          Rampage  .    (no gloves)
Will    .....                    (no boots)
Stlth   +++                      (no amulet)
HPRegen 1.04/turn                h - ring of flight
MPRegen 0.10/turn                (no ring)

@: lethally poisoned (-1 -> -13), flying
A: fangs 2, regeneration 1, magic shield, antimagic bite, no potion heal 2
a: no special abilities


You were on level 4 of the Dungeon.
You visited 2 branches of the dungeon, and saw 5 of its levels.

You collected 155 gold pieces.

Inventory:

Hand Weapons
 i - a +0 short sword of electrocution (weapon)
Missiles
 d - 9 poisoned darts (quivered)
 e - 3 curare-tipped darts
Armour
 b - a +0 robe (worn)
 c - a +0 cloak (worn)
Jewellery
 h - a ring of flight (left hand)
Scrolls
 a - a scroll of magic mapping {unknown}
 g - 7 scrolls of identify {unknown}
 n - a scroll of noise {unknown}
 q - a scroll of amnesia {unknown}
 r - a scroll of blinking {unknown}
Potions
 f - a potion of invisibility {unknown}
 j - a potion of heal wounds {unknown}
 k - a potion of curing {unknown}
 l - a potion of mutation {unknown}
 m - a potion of magic {unknown}
 o - a potion of ambrosia {unknown}
 p - a potion of flight {unknown}


   Skills:
 - Level 1.7 Fighting
 + Level 5.4 Short Blades
 - Level 1.7 Throwing
 - Level 0.7 Dodging
 - Level 4.8 Stealth


You had 4 spell levels left.
You didn't know any spells.
Your spell library was empty.

Dungeon Overview and Level Annotations

Branches:
Dungeon (4/15)             Temple (1/1) D:4

Altars:
Cheibriados
Dithmenos
Fedhas
Gozag
Hepliaklqana
Kikubaaqudgha
Makhleb
Okawaru
Qazlal
Wu Jian
Xom
Zin
The Shining One

Annotations:
D:4 Dowan


Innate Abilities, Weirdness & Mutations

You have extremely sharp teeth.
Your natural rate of healing is unusually fast.
When hurt, damage is shared between your health and your magic reserves.
Your bite disrupts and absorbs the magic of your enemies.
Potions cannot restore your health.


Message History

The orc wizard is lightly wounded.
You feel sick.
You hit the orc wizard. Your bite misses the orc wizard.
The orc wizard is lightly wounded.
You feel sick.
The orc wizard hits you with a +2 dagger of venom.
The orc misses you.
You barely miss the orc wizard. Your bite misses the orc wizard.
The orc wizard is lightly wounded.
You feel sick.
The orc wizard hits you with a +2 dagger of venom.
You are more poisoned.
The orc closely misses you.
An orc comes into view. It is wielding a +0 hand axe.
The orc shouts!
You hit the orc wizard.
You bite the orc wizard, but do no damage.
The orc wizard is heavily wounded.
You feel very sick.
The orc wizard casts a spell.
The orc wizard flickers and vanishes!
Deactivating autopickup; reactivate with Ctrl-A.
You hear a shout! x2
You hit something. You bite something.
You feel sick.
You hear a shout!
The orc hits you with a +0 club.
You barely miss something. Your bite misses something.
You feel very sick. Something hits you.
* * * LOW HITPOINT WARNING * * *
You are lethally poisoned!
You barely miss something.
* * * LOW HITPOINT WARNING * * *
You feel sick. Something hits you.
* * * LOW HITPOINT WARNING * * *
You are more poisoned.
You hit something. Lightning courses through something!
Reactivating autopickup.
You feel a bit more experienced.
You die...

.....# .....#########
.............#
.............#
.............#
......)......#
.............# ..
#####........######.####
#...........@)o.....
#########...o....o..
#......#.... #......#
... #......#########
#.#####........#
#.....#........#
.......#....#........#
.......#....#...#....+


You could see 3 orcs.

Vanquished Creatures
  A scorpion (D:4)
  A hound (D:4)
  3 orc wizards
  2 adders (D:3)
  2 worms
  2 dart slugs
  3 orcs (D:3)
  5 ball pythons
  5 bats
  3 endoplasms
  2 giant cockroaches
  5 goblins
  3 hobgoblins
  2 jackals (D:1)
  3 quokkas
  2 frilled lizards (D:1)
  5 kobolds
  5 rats
54 creatures vanquished.

Notes
Turn   | Place    | Note
-------+----------+-------------------------------------------
     0 | D:1      | gruber the Vine Stalker Brigand began the quest for the
                  | Orb.
     0 | D:1      | Reached XP level 1. HP: 11/11 MP: 2/2
    72 | D:1      | Reached skill level 2 in Short Blades
   185 | D:1      | Reached XP level 2. HP: 13/15 MP: 3/3
   626 | D:1      | Reached skill level 3 in Short Blades
   847 | D:1      | Reached XP level 3. HP: 18/18 MP: 4/4
  1567 | D:3      | Reached skill level 4 in Short Blades
  1567 | D:3      | Gained mutation: Your natural rate of healing is unusually
                  | fast. [Vine Stalker growth]
  1567 | D:3      | Reached XP level 4. HP: 11/23 MP: 5/5
  1636 | D:3      | Found a shadowy altar of Dithmenos.
  1687 | D:3      | Reached XP level 5. HP: 26/26 MP: 6/6
  2231 | D:4      | Found a staircase to the Ecumenical Temple.
  2233 | D:4      | Reached skill level 5 in Short Blades
  2240 | Temple   | Entered the Ecumenical Temple
  2287 | D:4      | Noticed Dowan
  2362 | D:4      | Succumbed to an orc wizard's poison

Illustrated notes

Levels and vault maps discovered:
D:1:      tarquinn_simple_flora_water_d, layout_basic
D:2:      layout_loops_ring
D:3:      layout_basic, nicolae_dithmenos_shadow_blocks, serial_bayou_pond_b,
          minmay_bisected
D:4:      layout_gridville, minmay_temple_entry_arrows,
          cheibrodos_sewer_entry_drain, eino_tiny_chamber,
          nicolae_shop_self_help, uniq_duvessa, uniq_menkaure
Temple:   hellmonk_temple_two_chambers

Skill      XL: |  1  2  3  4  5 |
---------------+----------------+-----
Short Blades   | 2 3 4 5 |  5.4
Fighting       | |  1.7
Throwing       | |  1.7
Dodging        | |  0.7
Stealth        | |  4.8

Action                     |  1- 3 |  4- 6 || total
---------------------------+-------+-------++-------
  Melee: Dagger            |    55 |       ||    55
         Bite              |    13 |    18 ||    31
         Short sword       |    53 |    55 ||   108
         Punch             |     2 |     1 ||     3
   Stab: Sleeping          |    11 |     2 ||    13
 Armour: Robe              |    27 |     9 ||    36
  Dodge: Dodged            |    60 |    26 ||    86

Table legend: (Time is in decaauts)
 A = Elapsed time spent in this place.
 B = Non-inter-level travel time spent in this place.
 C = Inter-level travel time spent in this place.
 D = Time resting spent in this place.
 E = Time spent auto-exploring this place.
 F = Levels seen in this place.
 G = Mean time per level.
                   A        B        C        D        E       F      G
               +--------+--------+--------+--------+--------+-----+--------+
         Total |   2331 |   2262 |     69 |      0 |   1831 |   5 |  466.2 |
       Dungeon |   2317 |   2248 |     69 |      0 |   1831 |   4 |  579.2 |
        Temple |     13 |     13 |      0 |      0 |      0 |   1 |   13.0 |
               +--------+--------+--------+--------+--------+-----+--------+

Top non-repeatable levels by time:
     D:1: 927 daAuts
     D:3: 698 daAuts
     D:2: 577 daAuts
     D:4: 113 daAuts
  Temple: 13 daAuts
